 Dungeon Crawl Stone Soup version 0.24.1 (webtiles) character file.

Game seed: 9873010592244165773, levelgen mode: deterministic

5171 Destapler the Grappler (level 10, -8/104 HPs)
             Began as a Troll Berserker on Mar 26, 2020.
             Was a High Priest of Trog.
             Mangled by a wolf (11 damage)
             ... on level 9 of the Dungeon.
             The game lasted 00:20:06 (5813 turns).

Destapler the Grappler (Troll Berserker)            Turns: 5813, Time: 00:20:07

Health: -8/104     AC:  8    Str: 30    XL:     10   Next: 34%
Magic:  12/12      EV: 10    Int:  3    God:    Trog [*****.]
Gold:   480        SH:  0    Dex:  9    Spells: 9/9 levels left

rFire    . . .     SeeInvis .     - Unarmed
rCold    . . .     Gourm    +   (no shield)
rNeg     . . .     Faith    .   a - +0 animal skin
rPois    +         Spirit   .   (helmet restricted)
rElec    .         Reflect  .   B - +1 cloak
rCorr    .         Harm     .   (gloves unavailable)
MR       +....                  (boots unavailable)
Stlth    +.........             (no amulet)
HPRegen  1.67/turn              E - ring of poison resistance
MPRegen  0.13/turn              (no ring)

@: vulnerable, berserk cooldown, regenerating, slowed, very slow
A: large, unfitting armour, claws 3, fast metabolism 3, gourmand, regeneration
1, shaggy fur 1, tough skin 3
a: Berserk, Trog's Hand, Brothers in Arms, Renounce Religion


You were on level 9 of the Dungeon.
You worshipped Trog.
Trog was extremely pleased with you.
You were full.

You visited 1 branch of the dungeon, and saw 9 of its levels.

You collected 480 gold pieces.

Inventory:

Hand Weapons
 t - the +6 great mace of Oplynan {crush, Fragile rPois rC+}
   (You took it off an ogre on level 3 of the Dungeon)

   It inflicts extra damage upon your enemies.
   It protects you from cold.
   It protects you from poison.
   It will be destroyed if unequipped.
Missiles
 c - 172 stones
 m - 11 curare-tipped darts (quivered)
 r - 4 boomerangs
 v - 14 poisoned darts
Armour
 a - a +0 animal skin (worn)
 B - a +1 cloak (worn)
Jewellery
 E - a ring of poison resistance (left claw)
Wands
 h - a wand of paralysis (8)
 l - a wand of enslavement (12)
 y - a wand of iceblast (9)
 C - a wand of flame (7)
Scrolls
 e - 4 scrolls of identify
 k - a scroll of teleportation
 n - 5 scrolls of remove curse
 o - a scroll of enchant armour
 w - a scroll of fog
 A - a scroll of random uselessness {unknown}
 D - a scroll of blinking {unknown}
Potions
 d - a potion of flight {unknown}
 f - 3 potions of heal wounds
 g - 5 potions of curing
 i - a potion of agility {unknown}
 j - 2 potions of brilliance {unknown}
 p - a potion of haste {unknown}
 q - a potion of lignification {unknown}
 s - a potion of magic {unknown}
 x - 2 potions of degeneration {unknown}
Comestibles
 b - 23 rations


   Skills:
 + Level 8.0 Fighting
 - Level 3.0 Armour
 - Level 3.0 Dodging
 - Level 1.0 Stealth
 + Level 9.6 Unarmed Combat
 - Level 5.0 Evocations


You had 9 spell levels left.
You didn't know any spells.
Your spell library contained the following spells:

 Spells                   Type           Power        Failure   Level  Hunger
 Beastly Appendage        Tmut           #.....       52%         1    ##.....
 Sticks to Snakes         Tmut           #.......     67%         2    ###....
 Spider Form              Tmut/Pois      #.........   88%         3    ####...
 Ice Form                 Ice/Tmut       #.......     99%         4    #####..
 Blade Hands              Tmut           #.........   100%        5    ######.


Dungeon Overview and Level Annotations

Branches:
Dungeon (9/15)             Temple (0/1) D:7            Lair (0/6) D:9
    Orc: D:9-12

Altars:
Ashenzari
Gozag
Kikubaaqudgha
Makhleb
Okawaru
Ru
Trog
Vehumet
Zin

Shops:
D:7 (


Innate Abilities, Weirdness & Mutations

You are too large for most types of armour.
You have claws for hands.
Your metabolism is lightning-fast.
You like to eat raw meat.
Your natural rate of healing is unusually fast.
You are covered in fur. (AC +1)
You have extremely tough skin. (AC +3)


Message History

The wolf bites you!
* * * LOW HITPOINT WARNING * * *
The wolf barely misses you.
Unknown command.
Unknown command.
Unknown command.
You miss the wolf.
The wolf is heavily wounded.
The wolf barely misses you. The wolf bites you!
* * * LOW HITPOINT WARNING * * *
The wolf barely misses you. The wolf bites you.
* * * LOW HITPOINT WARNING * * *
Unknown command.
Unknown command.
Unknown command.
Unknown command.
You miss the wolf.
The wolf is heavily wounded.
The wolf barely misses you. The wolf bites you!
You die...

.#####'###.#........
P....P..........'........
P.....P.######..#........
.PP.§..).# #..#........
P.♣...§..# #..#).......
.P.PP....+ #..#....####
.>.P.PPZh#+####..#....#
P.P.♣P§tch.......'....#
.P.P..c§hh@......#....#
.♣...§h######...#....#
......PZ§....'...#....#
.............#...#(...#
.P...........#...##.....
.............#....#......
.............#.#'##......
##+###.......#.#........
+.......#.#....####


You could see a crocodile, 2 black bears, 2 wolves, a centaur and a bullfrog
zombie.

Vanquished Creatures
  A two-headed ogre (D:9)
  The ghost of jaiteiro the Slasher, an amateur BaFi (D:5)
  Grinder (D:3)
  A hungry ghost (D:8)
  2 porcupines (D:9)
  Purgy (D:3)
  3 orc warriors
  The ghost of jaiteiro the Ruffian, an amateur TrFi of Ashenzari (D:3)
  A sky beast (D:9)
  5 phantoms
  5 ogres
  2 centaurs (D:8)
  2 crocodiles (D:9)
  4 bullfrogs
  4 scorpions
  A water moccasin skeleton (D:7)
  A howler monkey (D:8)
  2 crimson imps
  A bullfrog zombie (D:7)
  A centaur zombie (D:8)
  4 hounds
  6 jellies
  A bullfrog skeleton (D:4)
  6 orc priests
  A gnoll shaman (D:7)
  3 centaur skeletons
  3 iguanas
  Ijyb (D:5)
  Terence (D:3)
  7 orc wizards
  6 worker ants
  A hound zombie (D:9)
  A hound skeleton (D:7)
  9 gnolls
  5 adders
  A shadow imp (D:8)
  6 oozes
  2 adder zombies
  2 adder skeletons
  4 worms
  4 dart slugs
  8 leopard geckos
  32 orcs
  6 giant cockroaches
  7 goblins
  4 hobgoblins
  8 jackals
  2 quokkas
  8 bats
  5 frilled lizards
  A jackal zombie (D:6)
  4 kobolds
  A quokka skeleton (D:5)
  10 rats
210 creatures vanquished.

Vanquished Creatures (others)
  2 fungi (D:9)
  A plant (D:9)
3 creatures vanquished.

Grand Total: 213 creatures vanquished

Notes
Turn   | Place    | Note
-------+----------+-------------------------------------------
     0 | D:1      | Destapler the Troll Berserker began the quest for the Orb.
     0 | D:1      | Reached XP level 1. HP: 22/22 MP: 0/0
    97 | D:1      | Reached XP level 2. HP: 26/29 MP: 1/1
   443 | D:2      | Reached XP level 3. HP: 35/36 MP: 2/2
   454 | D:2      | Reached ** piety under Trog
   883 | D:3      | Reached XP level 4. HP: 44/44 MP: 3/3
   892 | D:3      | Noticed Terence
   936 | D:3      | Killed Terence
   936 | D:3      | Reached skill level 1 in Stealth
   974 | D:3      | Noticed Purgy
   985 | D:3      | Killed Purgy
   985 | D:3      | Reached skill level 4 in Unarmed Combat
   985 | D:3      | Reached XP level 5. HP: 28/53 MP: 4/4
   999 | D:3      | Found a sacrificial altar of Ru.
  1001 | D:3      | Noticed Grinder
  1035 | D:3      | Killed Grinder
  1035 | D:3      | Reached skill level 5 in Unarmed Combat
  1035 | D:3      | Reached XP level 6. HP: 62/62 MP: 5/5
  1222 | D:3      | Reached *** piety under Trog
  1252 | D:3      | Found an opulent altar of Gozag.
  1454 | D:3      | Identified the +6 great mace of Oplynan {crush, Fragile
                  | rPois rC+}
  1456 | D:3      | Noticed jaiteiro's ghost (amateur TrFi)
  1457 | D:3      | Found a transporter.
  1459 | D:3      | Found a transporter.
  1465 | D:3      | Killed jaiteiro's ghost
  1465 | D:3      | Reached XP level 7. HP: 71/71 MP: 6/6
  1700 | D:4      | Reached skill level 5 in Fighting
  1739 | D:4      | Reached skill level 6 in Unarmed Combat
  1753 | D:4      | You fall into a shaft and drop 2 floors!
  1770 | D:6      | Reached skill level 1 in Armour
  1814 | D:5      | Entered Level 5 of the Dungeon
  1907 | D:4      | Got an ancient leather armour
  2021 | D:4      | Noticed a moth of wrath
  2024 | D:4      | Found a bloodstained altar of Trog.
  2056 | D:4      | Reached skill level 1 in Evocations
  2183 | D:4      | Reached XP level 8. HP: 79/80 MP: 7/7
  2378 | D:4      | Reached **** piety under Trog
  2462 | D:5      | Noticed Ijyb
  2477 | D:5      | Killed Ijyb
  2489 | D:5      | HP: 5/121 [orc priest/divine providence (13)]
  2722 | D:5      | Found a runed translucent door.
  2728 | D:5      | Got a faintly glowing ring mail
  2732 | D:5      | Noticed jaiteiro's ghost (amateur BaFi)
  2791 | D:5      | Killed jaiteiro's ghost
  2791 | D:5      | Reached skill level 7 in Unarmed Combat
  3431 | D:6      | Reached XP level 9. HP: 88/89 MP: 10/10
  3432 | D:6      | Found a radiant altar of Vehumet.
  3917 | D:7      | Found an iron altar of Okawaru.
  3978 | D:7      | Reached skill level 8 in Unarmed Combat
  4176 | D:7      | Found a staircase to the Ecumenical Temple.
  4336 | D:7      | Found Isiaca's Weapon Emporium.
  4830 | D:8      | Reached ***** piety under Trog
  4847 | D:8      | Received a gift from Trog
  5273 | D:8      | Found a shattered altar of Ashenzari.
  5275 | D:8      | Found a burning altar of Makhleb.
  5277 | D:8      | Found a glowing silver altar of Zin.
  5522 | D:8      | Reached skill level 9 in Unarmed Combat
  5597 | D:9      | Found an ancient bone altar of Kikubaaqudgha.
  5607 | D:9      | Noticed a two-headed ogre
  5616 | D:9      | Killed a two-headed ogre
  5616 | D:9      | Reached skill level 5 in Evocations
  5616 | D:9      | Reached XP level 10. HP: 104/104 MP: 12/12
  5659 | D:9      | Received a gift from Trog
  5774 | D:9      | Found a staircase to the Lair.
  5812 | D:9      | HP: 2/104 [wolf (11)]
  5813 | D:9      | Mangled by a wolf

Levels and vault maps discovered:
D:1:      ncdulo_lavacross, layout_rooms, roderic_three_in_a_row
D:2:      layout_rooms, first_ration, guppyfry_early_lair_pool
D:3:      layout_loops_ring, grunt_gozag_breadcrumbs,
          nicolae_ru_sacrificial_ziggurat, gammafunk_ghost_smash, uniq_terence,
          uniq_grinder, uniq_purgy
D:4:      layout_loops_ring, tgw_trog
D:5:      layout_rooms, ebering_ghost_reflecting_pool, minmay_misc_feat_square,
          uniq_ijyb
D:6:      layout_basic, vehumet_altar_wand_db, minivault_26, grunt_ministairs_6,
          chequers_arboretum, due_unseen_surprise
D:7:      layout_cave_pods, okawaru_ov_weapons_minmay, minmay_temple_entry_hall,
          serial_shops, shop
D:8:      layout_loops_ring, gammafunk_temple_overflow_forgotten
D:9:      layout_irregular_city, marbit_many_paths,
          gammafunk_temple_overflow_pools, kiku_gazebo_garden_becter,
          minmay_lair_entry_grove, serial_shops, shop, nicolae_shop_crystal,
          hangedman_little_slice_of_home, minivault_24

Skill      XL: |  1  2  3  4  5  6  7  8  9 10 |
---------------+-------------------------------+-----
Fighting       | 3 4 5 6 7 8 |  8.0
Dodging        | 3 |  3.0
Stealth        | 1 |  1.0
Unarmed Combat | 4 5 6 7 9 |  9.6
Armour         | 2 3 |  3.0
Evocations     | 1 3 5 |  5.0

Action                   |  1- 3 |  4- 6 |  7- 9 | 10-12 || total
-------------------------+-------+-------+-------+-------++-------
Melee: Unarmed           |   116 |    55 |   391 |    53 ||   615
       Punch             |     2 |     2 |    10 |     1 ||    15
Throw: Dart              |       |       |     9 |       ||     9
Invok: Berserk           |     1 |     2 |     5 |     1 ||     9
       Trog's Hand       |       |       |     2 |     1 ||     3
  Use: Scroll            |       |       |     9 |     2 ||    11
       Potion            |       |       |     2 |     1 ||     3
 Stab: Sleeping          |       |       |     1 |       ||     1
  Eat: Chunk             |    14 |     7 |    52 |     1 ||    74
Armor: Animal skin       |    42 |    29 |   109 |    46 ||   226
Dodge: Dodged            |    86 |    28 |   171 |    70 ||   355
